MLB
LOS ANGELES DODGERS @ ARIZONA DIAMONDBACKS
09/01/2098
 
TOP OF THE 1ST
Los Angeles Dodgers batting - Pitching for Arizona Diamondbacks : LHP Rafael Estrada
Pitching: LHP Rafael Estrada
Batting: RHB Bryan Uplinger 0-0: Bunted foul
0-1: Ball
1-1: Called Strike
1-2: Foul Ball, location: 3F
1-2: Foul Ball, location: 2F
1-2: Ball
2-2: TRIPLE (Groundball, 3L, EV 101.3 MPH)
Batting: RHB Dan Boyd 0-0: Foul Ball, location: 2F
0-1: Called Strike
0-2: Foul Ball, location: 9LDF
0-2: Ground out 5-3 (Groundball, 56, EV 85.0 MPH)
Bryan Uplinger scores
Batting: RHB John Spohn 0-0: Ball
1-0: Ball
2-0: Called Strike
2-1: Called Strike
2-2: Ball
3-2: Strikes out swinging
Batting: RHB Victor Salinas 0-0: Called Strike
0-1: SINGLE (Groundball, 4MD, EV 98.8 MPH)
Batting: RHB Brad Horwath 0-0: Called Strike
0-1: Swinging Strike
0-2: Strikes out looking
Top of the 1st over - 1 run, 2 hits, 0 errors, 1 left on base; Los Angeles 1 - Arizona 0
BOTTOM OF THE 1ST
Arizona Diamondbacks batting - Pitching for Los Angeles Dodgers : LHP Gil Bravo
Pitching: LHP Gil Bravo
Batting: LHB Dave Austin 0-0: Called Strike
0-1: Ground out U3 (Groundball, 3, EV 88.1 MPH)
Batting: RHB Jason Moberg 0-0: Fly out, F7 (Flyball, 7, EV 76.9 MPH)
Batting: RHB Jesse Cavallaro 0-0: Ball
1-0: Swinging Strike
1-1: Ball
2-1: Foul Ball, location: 23F
2-2: Ball
3-2: Foul Ball, location: 5FF
3-2: Foul Ball, location: 9LMF
3-2: Foul Ball, location: 2F
3-2: Strikes out swinging, 2-3 out at first.
Bottom of the 1st over - 0 runs, 0 hits, 0 errors, 0 left on base; Los Angeles 1 - Arizona 0
TOP OF THE 2ND
Los Angeles Dodgers batting - Pitching for Arizona Diamondbacks : LHP Rafael Estrada
Batting: RHB Luis Lozada 0-0: SINGLE (Flyball, 34D, EV 93.1 MPH)
Batting: RHB Ben Mussey 0-0: Ball
1-0: Called Strike
1-1: Ball
2-1: SINGLE (Flyball, 78S, EV 91.9 MPH)
Luis Lozada to second
Batting: RHB Joe Boyer 0-0: Ball
1-0: Swinging Strike
1-1: Ball
2-1: Ball
3-1: Called Strike
3-2: Base on Balls
Luis Lozada to third
Ben Mussey to second
Batting: RHB Rodolfo Navarro 0-0: Fly out, F8 (Flyball, 8RM, EV 75.0 MPH)
Runner from 3rd tags up, SCORES, throw by CF
Batting: RHB Bryan Uplinger 0-0: Ball
1-0: Ball
2-0: Called Strike
2-1: Ground out 6-3 (Groundball, 6S, EV 69.4 MPH)
Ben Mussey to third
Joe Boyer to second
Batting: RHB Dan Boyd 0-0: SINGLE (Line Drive, 7S, EV 95.6 MPH)
Ben Mussey scores
Joe Boyer to third
Batting: RHB John Spohn 0-0: Ball
1-0: Ball
2-0: Called Strike
2-1: Called Strike
2-2: Strikes out looking
Top of the 2nd over - 2 runs, 3 hits, 0 errors, 2 left on base; Los Angeles 3 - Arizona 0
BOTTOM OF THE 2ND
Arizona Diamondbacks batting - Pitching for Los Angeles Dodgers : LHP Gil Bravo
Batting: RHB Shawn Lindsey 0-0: Ball
1-0: Swinging Strike
1-1: Swinging Strike
1-2: Strikes out looking
Batting: SHB Jose Medina 0-0: Ball
1-0: Ball
2-0: Ball
3-0: Called Strike
3-1: Ground out 1-3 (Groundball, P, EV 68.1 MPH)
Batting: LHB Alex Castro 0-0: Ball
1-0: Ball
2-0: Called Strike
2-1: Ball
3-1: Fly out, F8 (Flyball, 8LM, EV 91.3 MPH)
Bottom of the 2nd over - 0 runs, 0 hits, 0 errors, 0 left on base; Los Angeles 3 - Arizona 0
TOP OF THE 3RD
Los Angeles Dodgers batting - Pitching for Arizona Diamondbacks : LHP Rafael Estrada
Batting: RHB Victor Salinas 0-0: Called Strike
0-1: Swinging Strike
0-2: Foul Ball, location: 5F
0-2: Strikes out swinging
Batting: RHB Brad Horwath 0-0: Ball
1-0: Foul Ball, location: 2F
1-1: Called Strike
1-2: Strikes out swinging
Batting: RHB Luis Lozada 0-0: Foul Ball, location: 7LDF
0-1: Swinging Strike
0-2: Ball
1-2: Foul Ball, location: 2F
1-2: Strikes out swinging
Top of the 3rd over - 0 runs, 0 hits, 0 errors, 0 left on base; Los Angeles 3 - Arizona 0
BOTTOM OF THE 3RD
Arizona Diamondbacks batting - Pitching for Los Angeles Dodgers : LHP Gil Bravo
Batting: LHB Mario Valdez 0-0: Called Strike
0-1: Ball
1-1: Ground out 4-3 (Groundball, 4, EV 90.0 MPH)
Batting: RHB Kevin Delmotte 0-0: Called Strike
0-1: SINGLE (Line Drive, 8LS, EV 93.8 MPH)
Batting: LHB Travis Lawlor 0-0: Ball
1-0: Ball
2-0: Called Strike
2-1: Ball
3-1: Fly out, F7 (Flyball, 7LSF, EV 76.9 MPH)
Pitching: RHP Chris Getchell
Batting: LHB Dave Austin 0-0: Swinging Strike
0-1: Called Strike
0-2: Ball
1-2: Foul Ball, location: 9LDF
1-2: Strikes out swinging, 2-3 out at first.
Bottom of the 3rd over - 0 runs, 1 hit, 0 errors, 1 left on base; Los Angeles 3 - Arizona 0
TOP OF THE 4TH
Los Angeles Dodgers batting - Pitching for Arizona Diamondbacks : LHP Rafael Estrada
Batting: RHB Ben Mussey 0-0: Ball
1-0: Ball
2-0: Called Strike
2-1: Ball
3-1: Ground out 5-3 (Groundball, 56S, EV 69.4 MPH)
Batting: RHB Joe Boyer 0-0: Ball
1-0: Ball
2-0: Ball
3-0: Base on Balls
Batting: RHB Rodolfo Navarro 0-0: Ball
1-0: Ball
2-0: Fielders Choice at 2nd, 3-6 (Groundball, 34S, EV 83.8 MPH)
Batting: RHB Bryan Uplinger 0-0: Ball
1-0: Called Strike
1-1: Swinging Strike
1-2: Ball
2-2: Ball
3-2: Base on Balls
Rodolfo Navarro to second
Batting: RHB Dan Boyd 0-0: Ball
1-0: Ball
2-0: Ball
3-0: Called Strike
3-1: Base on Balls
Rodolfo Navarro to third
Bryan Uplinger to second
Batting: RHB John Spohn 0-0: Ball
1-0: Called Strike
1-1: Foul Ball, location: 2F
1-2: Ball
2-2: SINGLE (Line Drive, 34, EV 98.8 MPH)
Rodolfo Navarro scores
Bryan Uplinger to third
Dan Boyd to second
Runner from 3rd tries for Home, SAFE, throw by RF to home
Pitching: LHP Frank Ippolito
Batting: RHB Victor Salinas 0-0: Foul Ball, location: 2F
0-1: Ball
1-1: Called Strike
1-2: SINGLE (Groundball, 34D, EV 95.0 MPH)
Dan Boyd to third
John Spohn to second
Runner from 3rd tries for Home, SAFE, throw by RF to home
Batting: RHB Brad Horwath 0-0: Called Strike
0-1: Ball
1-1: Foul Ball, location: 3F
1-2: 3-RUN HOME RUN (Line Drive, 9D, EV 99.4 MPH), Distance : 373 ft
Batting: RHB Luis Lozada 0-0: Called Strike
0-1: Swinging Strike
0-2: Strikes out swinging
Top of the 4th over - 6 runs, 3 hits, 0 errors, 0 left on base; Los Angeles 9 - Arizona 0
BOTTOM OF THE 4TH
Arizona Diamondbacks batting - Pitching for Los Angeles Dodgers : RHP Chris Getchell
Batting: RHB Jason Moberg 0-0: Called Strike
0-1: Ball
1-1: Ball
2-1: Foul Ball, location: 5DF
2-2: Ground out 5-3 (Groundball, 56, EV 103.8 MPH)
Batting: RHB Jesse Cavallaro 0-0: Swinging Strike
0-1: Called Strike
0-2: Strikes out looking
Batting: RHB Shawn Lindsey 0-0: Ball
1-0: Ball
2-0: Ball
3-0: Base on Balls
Batting: SHB Jose Medina 0-0: Ball
1-0: Ball
2-0: Swinging Strike
2-1: Foul Ball, location: 9LDF
2-2: Foul Ball, location: 2LF
2-2: Ball
3-2: Base on Balls
Shawn Lindsey to second
Batting: LHB Alex Castro 0-0: Ball
1-0: Ball
2-0: Foul Ball, location: 2F
2-1: DOUBLE (Line Drive, 78M, EV 93.8 MPH)
Shawn Lindsey scores
Jose Medina to third
Batting: LHB Mario Valdez 0-0: Ball
1-0: Swinging Strike
1-1: Ball
2-1: Ball
3-1: Base on Balls
Batting: RHB Kevin Delmotte 0-0: SINGLE (Groundball, 6MD, EV 99.4 MPH)
Jose Medina scores
Alex Castro to third
Mario Valdez to second
Batting: LHB Travis Lawlor 0-0: Fly out, F7 (Flyball, 7, EV 80.6 MPH)
Bottom of the 4th over - 2 runs, 2 hits, 0 errors, 3 left on base; Los Angeles 9 - Arizona 2
TOP OF THE 5TH
Los Angeles Dodgers batting - Pitching for Arizona Diamondbacks : LHP Frank Ippolito
Batting: RHB Ben Mussey 0-0: Called Strike
0-1: Ball
1-1: Foul Ball, location: 2F
1-2: Fly out, F7 (Line Drive, 7, EV 99.4 MPH)
Batting: RHB Joe Boyer 0-0: Called Strike
0-1: Ball
1-1: Swinging Strike
1-2: Ball
2-2: Ball
3-2: Fly out, F9 (Flyball, 9D, EV 88.1 MPH)
Batting: RHB Rodolfo Navarro 0-0: Ball
1-0: Ball
2-0: Swinging Strike
2-1: Foul Ball, location: 25F
2-2: Ball
3-2: Fly out, F4 (Popup, 34, EV 75.6 MPH)
Top of the 5th over - 0 runs, 0 hits, 0 errors, 0 left on base; Los Angeles 9 - Arizona 2
BOTTOM OF THE 5TH
Arizona Diamondbacks batting - Pitching for Los Angeles Dodgers : RHP Chris Getchell
Batting: LHB Dave Austin 0-0: Called Strike
0-1: Ball
1-1: Swinging Strike
1-2: Foul Ball, location: 2LF
1-2: DOUBLE (Line Drive, 89D, EV 103.8 MPH)
Batting: RHB Jason Moberg 0-0: Called Strike
0-1: Called Strike
0-2: Foul Ball, location: 2F
0-2: Ball
1-2: Fly out, F9 (Line Drive, 9, EV 93.1 MPH)
Pitching: RHP J.P. Vines
Batting: RHB Jesse Cavallaro 0-0: Called Strike
0-1: Foul Ball, location: 9LSF
0-2: Ball
1-2: Ball
2-2: Strikes out swinging
Batting: RHB Shawn Lindsey 0-0: Ball
1-0: Ball
2-0: Foul Ball, location: 23F
2-1: Foul Ball, location: 3F
2-2: Strikes out swinging
Bottom of the 5th over - 0 runs, 1 hit, 0 errors, 1 left on base; Los Angeles 9 - Arizona 2
TOP OF THE 6TH
Los Angeles Dodgers batting - Pitching for Arizona Diamondbacks : LHP Frank Ippolito
Batting: RHB Bryan Uplinger 0-0: Ball
1-0: Ball
2-0: Ball
3-0: Base on Balls
Pitching: RHP Derek Savard
Batting: RHB Dan Boyd 0-0: Called Strike
Bryan Uplinger steals 2nd base (no throw)
0-1: SINGLE (Line Drive, 5D, EV 66.9 MPH)
Bryan Uplinger to third
Batting: RHB John Spohn 0-0: Ball
Dan Boyd steals 2nd base
1-0: Called Strike
1-1: Swinging Strike
1-2: Foul Ball, location: 2F
1-2: Ground out 4-3 (Groundball, 4, EV 91.9 MPH)
Bryan Uplinger scores
Dan Boyd to third
Batting: RHB Victor Salinas 0-0: Ground out 6-3 (Groundball, 6, EV 86.9 MPH)
Dan Boyd scores
Batting: RHB Brad Horwath 0-0: Called Strike
0-1: Fly out, F7 (Flyball, 7, EV 93.8 MPH)
Top of the 6th over - 2 runs, 1 hit, 0 errors, 0 left on base; Los Angeles 11 - Arizona 2
BOTTOM OF THE 6TH
Arizona Diamondbacks batting - Pitching for Los Angeles Dodgers : RHP J.P. Vines
Batting: SHB Jose Medina 0-0: Called Strike
0-1: Foul Ball, location: 3FF
0-2: Strikes out looking
Batting: LHB Alex Castro 0-0: Ball
1-0: Foul Ball, location: 3FF
1-1: TRIPLE (Flyball, 8RXD, EV 101.9 MPH)
Batting: LHB Mario Valdez 0-0: Called Strike
0-1: Ball
1-1: Ground out 4-3 (Groundball, 4, EV 108.1 MPH)
Alex Castro scores
Batting: RHB Kevin Delmotte 0-0: Ball
1-0: Ground out 6-3 (Groundball, 6MS, EV 79.4 MPH)
Bottom of the 6th over - 1 run, 1 hit, 0 errors, 0 left on base; Los Angeles 11 - Arizona 3
TOP OF THE 7TH
Los Angeles Dodgers batting - Pitching for Arizona Diamondbacks : RHP Derek Savard
Batting: RHB Luis Lozada 0-0: Ground out 6-3 (Groundball, 6, EV 88.1 MPH)
Batting: LHB Greg Thompson 0-0: Ball
1-0: Ball
2-0: Ball
3-0: Base on Balls
Batting: RHB Joe Boyer 0-0: Called Strike
0-1: Ball
1-1: Foul Ball, location: 23FF
1-2: Grounds into double play, 3-6-3 (Groundball, 34, EV 79.4 MPH)
Top of the 7th over - 0 runs, 0 hits, 0 errors, 0 left on base; Los Angeles 11 - Arizona 3
BOTTOM OF THE 7TH
Arizona Diamondbacks batting - Pitching for Los Angeles Dodgers : RHP J.P. Vines
Batting: LHB Travis Lawlor 0-0: Ball
1-0: Ball
2-0: Ball
3-0: Base on Balls
Batting: LHB Dave Austin 0-0: Ball
1-0: Ball
2-0: Called Strike
2-1: Ball
3-1: Fly out, F8 (Flyball, 8RXD, EV 85.0 MPH)
Pitching: RHP David Revis
Batting: RHB Jason Moberg 0-0: Called Strike
0-1: Fly out, F3 (Popup, 3SF, EV 77.5 MPH)
Batting: RHB Jesse Cavallaro 0-0: Ball
1-0: Ball
2-0: Called Strike
2-1: Ball
3-1: Foul Ball, location: 25FF
3-2: Strikes out swinging
Bottom of the 7th over - 0 runs, 0 hits, 0 errors, 1 left on base; Los Angeles 11 - Arizona 3
TOP OF THE 8TH
Los Angeles Dodgers batting - Pitching for Arizona Diamondbacks : RHP Derek Savard
Pitching: LHP Nehemiah Tatum
Batting: RHB Rodolfo Navarro 0-0: Called Strike
0-1: Ball
1-1: Ball
2-1: Foul Ball, location: 2F
2-2: Fly out, F9 (Line Drive, 9S, EV 87.5 MPH)
Batting: RHB Bryan Uplinger 0-0: SINGLE (Line Drive, 6D, EV 104.4 MPH)
Batting: RHB Dan Boyd 0-0: Fielders Choice at 2nd, 5-4 (Groundball, 56, EV 103.1 MPH)
Pinch Hitting: LHB Joel Holden 0-0: Ball
1-0: Swinging Strike
1-1: Ball
2-1: Reached on error, E5 (Groundball, 15, EV 88.1 MPH)
Dan Boyd to second
Batting: RHB Victor Salinas 0-0: Called Strike
0-1: Called Strike
0-2: SINGLE (Groundball, 4MD, EV 105.6 MPH)
Dan Boyd to third
Joel Holden to second
Runner from 3rd tries for Home, SAFE, throw by CF to home
Batting: RHB Brad Horwath 0-0: Called Strike
0-1: Foul Ball, location: 3FF
0-2: Foul Ball, location: 2F
0-2: Strikes out looking
Top of the 8th over - 1 run, 2 hits, 1 error, 2 left on base; Los Angeles 12 - Arizona 3
BOTTOM OF THE 8TH
Arizona Diamondbacks batting - Pitching for Los Angeles Dodgers : RHP David Revis
Now in RF: Joel Holden
Batting: RHB Shawn Lindsey 0-0: Called Strike
0-1: Swinging Strike
0-2: Ball
1-2: Ground out 6-3 (Groundball, 6, EV 90.6 MPH)
Batting: SHB Jose Medina 0-0: Ball
1-0: Foul Ball, location: 5F
1-1: Swinging Strike
1-2: SINGLE (Line Drive, 9S, EV 88.8 MPH)
Pinch Hitting: RHB Gabe Bankole 0-0: Fielders Choice at 2nd, 6-4 (Groundball, 56, EV 79.4 MPH)
Batting: LHB Mario Valdez 0-0: Fielders Choice at 2nd, 4-6 (Groundball, 4MD, EV 97.5 MPH)
Bottom of the 8th over - 0 runs, 1 hit, 0 errors, 1 left on base; Los Angeles 12 - Arizona 3
TOP OF THE 9TH
Los Angeles Dodgers batting - Pitching for Arizona Diamondbacks : LHP Nehemiah Tatum
Now at SS: Gabe Bankole
Batting: RHB Luis Lozada 0-0: Swinging Strike
0-1: Ball
1-1: SINGLE (Line Drive, 7S, EV 103.8 MPH)
Batting: LHB Greg Thompson 0-0: Ball
1-0: Called Strike
1-1: Ball
2-1: SINGLE (Line Drive, 9LS, EV 98.1 MPH)
Luis Lozada to second
Batting: RHB Joe Boyer 0-0: Foul Ball, location: 2F
0-1: Foul Ball, location: 2F
0-2: Fly out, F4 (Popup, 4MS, EV 67.5 MPH)
Pitching: LHP Chris Schoch
Batting: RHB Rodolfo Navarro 0-0: Ball
1-0: Called Strike
1-1: Called Strike
1-2: Foul Ball, location: 2F
1-2: Single, Error in OF, E8, batter to second base (Line Drive, 6MD, EV 95.6 MPH)
Luis Lozada scores
Greg Thompson to third
Batting: RHB Bryan Uplinger 0-0: Fly out, F8 (Flyball, 8RM, EV 93.1 MPH)
Runner from 3rd tags up, SCORES, throw by CF
Batting: RHB Dan Boyd 0-0: TRIPLE (Line Drive, 89XD, EV 104.4 MPH)
Rodolfo Navarro scores
Batting: LHB Joel Holden 0-0: Called Strike
0-1: Foul Ball, location: 2F
0-2: Ball
1-2: Ball
2-2: Ball
3-2: Base on Balls
Batting: RHB Victor Salinas 0-0: Foul Ball, location: 2F
0-1: Called Strike
0-2: Ball
1-2: SINGLE (Flyball, 89S, EV 95.6 MPH)
Dan Boyd scores
Joel Holden to second
Runner from 2nd tries for 3rd, SAFE, throw by RF made to third
Batting: RHB Brad Horwath 0-0: Called Strike
0-1: Ball
1-1: Ball
2-1: Ground out U3 (Groundball, 3S, EV 81.9 MPH)
Top of the 9th over - 4 runs, 5 hits, 1 error, 2 left on base; Los Angeles 16 - Arizona 3
BOTTOM OF THE 9TH
Arizona Diamondbacks batting - Pitching for Los Angeles Dodgers : RHP David Revis
Batting: RHB Kevin Delmotte 0-0: Called Strike
0-1: DOUBLE (Flyball, 8LD, EV 95.6 MPH)
Batting: LHB Travis Lawlor 0-0: Ball
1-0: Ground out 6-3 (Groundball, 6, EV 82.5 MPH)
Pitching: LHP Alex Alcerro
Batting: LHB Dave Austin 0-0: Ball
1-0: Called Strike
1-1: Ground out U3 (Groundball, 34, EV 109.4 MPH)
Kevin Delmotte to third
Batting: RHB Jason Moberg 0-0: Called Strike
0-1: Ball
1-1: Swinging Strike
1-2: Strikes out swinging
Bottom of the 9th over - 0 runs, 1 hit, 0 errors, 1 left on base; Los Angeles 16 - Arizona 3
Sunday, April 14th , 2024 - OOTP Baseball 24.11 Build 85